 Dungeon Crawl Stone Soup version 0.20.1-1-g8b1a95d (webtiles) character file.

114 lorenzova the Conjurer (level 4, -2/24 HPs)
             Began as a Deep Elf Conjurer on Oct 26, 2017.
             Slain by an orc wizard
             ... wielding a +0 dagger
              (4 damage)
             ... on level 3 of the Dungeon.
             The game lasted 00:04:13 (2789 turns).

lorenzova the Conjurer (Deep Elf Conjurer)          Turns: 2789, Time: 00:04:14

Health: -2/24      AC:  2    Str:  5    XL:     4   Next: 66%
Magic:  1/13       EV: 13    Int: 21    God:
Gold:   114        SH:  0    Dex: 15    Spells: 6/13 levels left

rFire    . . .     SeeInvis .   j - +0 dagger
rCold    . . .     Gourm    .   (no shield)
rNeg     + . .     Faith    .   a - +0 robe
rPois    .         Spirit   .   (no helmet)
rElec    .         Reflect  .   (no cloak)
rCorr    .         Harm     .   (no gloves)
MR       .....                  (no boots)
Stlth    ++........             (no amulet)
Regen    0.1/turn               h - ring of positive energy
MPRegen  0.2/turn               (no ring)

@: very slightly contaminated
A: no striking features
a: no special abilities


You were on level 3 of the Dungeon.
You were hungry.

You visited 1 branch of the dungeon, and saw 3 of its levels.

You collected 114 gold pieces.

Inventory:

Hand Weapons
 j - a +0 dagger (weapon)
Armour
 a - a +0 robe (worn)
Jewellery
 h - a ring of positive energy (left hand)
Scrolls
 e - 6 scrolls of remove curse {unknown}
 l - a scroll of identify {unknown}
 m - 2 scrolls of amnesia {unknown}
 p - a scroll of enchant weapon {unknown}
 q - a scroll of recharging {unknown}
Potions
 d - 2 potions of haste {unknown}
 f - a potion of invisibility {unknown}
 i - 2 potions of flight {unknown}
 k - 3 potions of magic {unknown}
 o - 2 potions of curing {unknown}
 r - a potion of berserk rage {unknown}
Books
 b - a book of Conjurations

   Spells                             Type                      Level
   a - Magic Dart                     Conjuration                  1
   b - Searing Ray                    Conjuration                  2
   c - Dazzling Spray                 Conjuration/Hexes            3
   d - Fulminant Prism                Conjuration/Hexes            4
   e - Force Lance                    Conjuration/Translocation    4
   f - Iskenderun's Mystic Blast      Conjuration                  4
Comestibles
 c - 2 bread rations
 g - a meat ration
 n - 2 royal jellies


   Skills:
 - Level 2.4 Dodging
 - Level 2.4 Stealth
 + Level 5.4 Spellcasting
 + Level 5.5 Conjurations


You had 6 spell levels left.
You knew the following spells:

 Your Spells              Type           Power        Failure   Level  Hunger
a - Magic Dart            Conj           ####         1%          1    None
b - Searing Ray           Conj           ####..       1%          2    None
c - Iskenderun's Mystic   Conj           ####....     11%         4    ####...


Dungeon Overview and Level Annotations

Branches:
Dungeon (3/15)

Altars:
Uskayaw


Message History

The searing ray hits the orc.
You kill the orc!
You hear some strange, mumbled words.
A puff of flame appears from out of thin air!
The puff of flame hits you!
* * * LOW HITPOINT WARNING * * *
Without enough magic to sustain it, your searing ray dissipates.
You barely miss something.
You hear some strange, mumbled words.
You are confused.
You completely miss something. Something barely misses you.
You miss something. Something hits you.
* * * LOW HITPOINT WARNING * * *
You miss something. Something hits you but does no damage.
You hit something. Something hits you but does no damage.
You hit something.
You feel less confused. Something barely misses you.
You barely miss something. Something hits you.
You die...

#...................# #
#........# ##.#####.# #
#.##...### ##.# #.### #
#.#..†..##.##.# ###...# #
#..........##.# #.....# #
######.....#####.###.#.#.....
..........## #....(..#.####
########.########.#.......# #
#...)@.....##.........
#############.#.......
#.####.### ..# .# ### # #. #.


There were no monsters in sight!

Vanquished Creatures
  An orc wizard (D:3)
  An adder (D:2)
  A worm (D:2)
  2 leopard geckos
  An orc (D:3)
  6 giant cockroaches
  6 goblins (D:1)
  8 hobgoblins
  10 jackals
  9 kobolds
  3 quokkas
  A ball python (D:1)
  5 bats
  3 frilled lizards
  6 rats
63 creatures vanquished.

Notes
Turn   | Place    | Note
-------+----------+-------------------------------------------
     0 | D:1      | lorenzova the Deep Elf Conjurer began the quest for the Orb.
     0 | D:1      | Reached XP level 1. HP: 10/10 MP: 6/6
   380 | D:1      | Reached XP level 2. HP: 15/15 MP: 6/8
   384 | D:1      | Learned a level 2 spell: Searing Ray
   622 | D:1      | Reached skill level 5 in Conjurations
   894 | D:1      | Reached XP level 3. HP: 19/19 MP: 7/10
  2280 | D:2      | Reached XP level 4. HP: 24/24 MP: 8/12
  2286 | D:2      | Learned a level 4 spell: Iskenderun's Mystic Blast
  2561 | D:3      | Reached skill level 5 in Spellcasting
  2586 | D:3      | Found a hide-covered altar of Uskayaw.
  2789 | D:3      | Slain by an orc wizard

Skill      XL: |  1  2  3  4 |
---------------+-------------+-----
Conjurations   | 5 |  5.5
Spellcasting   | 4 5 |  5.4
Dodging        | |  2.4
Stealth        | |  2.4

Action                   |  1- 3 |  4- 6 || total
-------------------------+-------+-------++-------
Melee: Unarmed           |     4 |       ||     4
       Dagger            |     1 |     7 ||     8
 Cast: Magic Dart        |    85 |    23 ||   108
       Searing Ray       |     1 |     2 ||     3
  Eat: Chunk             |     3 |     2 ||     5
Armor: Robe              |     3 |       ||     3
Dodge: Dodged            |     8 |     7 ||    15
